 Dungeon Sprint DCSS version 0.30-a0-596-g0af90f9a20 (webtiles) character file.

Game seed: 7634597295527243532

1226 rocky1 the Geomancer (level 8, -7/52 HPs)
             Began as a Deep Elf Earth Elementalist on Jan 7, 2023.
             Was a Believer of Sif Muna.
             Mangled by Snorg (13 damage)
             ... in the Dungeon (Sprint III: "The Ten Rune Challenge").
             The game lasted 00:03:13 (781 turns).

rocky1 the Geomancer (Deep Elf Earth Elementalist)   Turns: 781, Time: 00:03:14

Health: -7/52      AC:  2    Str:  5    XL:     8   Next: 23%
Magic:  8/23       EV: 15    Int: 23    God:    Sif Muna [**....]
Gold:   22         SH:  4    Dex: 15    Spells: 17/25 levels left

rFire   . . .      SeeInvis .    n - +2 dagger (venom)
rCold   . . .      Faith    .    (no shield)
rNeg    . . .      Spirit   .    a - +0 robe
rPois   .          Reflect  .    (no helmet)
rElec   .          Harm     .    (no cloak)
rCorr   .          Rampage  .    (no gloves)
Will    .....      NoTele   +    (no boots)
Stlth   ++++                     (no amulet)
HPRegen 0.28/turn                (no ring)
MPRegen 0.18/turn                (no ring)

@: no status effects
A: large bone plates 1, robust 1
a: Renounce Religion, Channel Magic


You were in the Dungeon.
You worshipped Sif Muna.
Sif Muna was pleased with you.
You visited 1 branch You collected 22 gold pieces.

Inventory:

Hand Weapons
 n - a +2 dagger of venom (weapon)
 p - a +2 long sword of holy wrath
Armour
 a - a +0 robe (worn)
Scrolls
 g - a scroll of blinking
 h - 2 scrolls of poison {unknown}
 i - 2 scrolls of identify
 k - a scroll of torment {unknown}
 l - a scroll of enchant weapon {unknown}
Potions
 b - 3 potions of magic
 c - 3 potions of curing
 d - a potion of heal wounds
 e - a potion of haste
 f - 3 potions of berserk rage
 j - a potion of flight {unknown}
 m - 4 potions of mutation
 o - a potion of might


   Skills:
 + Level 4.6 Fighting
 + Level 7.3 Dodging
 + Level 7.8 Stealth
 + Level 9.4 Spellcasting
 + Level 6.2 Conjurations
 + Level 6.3 Transmutations
 * Level 11.2 Earth Magic
 + Level 5.4 Invocations


You had 17 spell levels left.
You knew the following spells:

 Your Spells              Type           Power      Damage    Failure   Level
a - Sandblast             Erth           100%       2d20      1%          1
b - Stone Arrow           Conj/Erth      100%       3d13      1%          3
c - Petrify               Tmut/Erth      50%        N/A       1%          4

Your spell library contained the following spells:

 Spells                   Type           Power      Damage    Failure   Level
 Passwall                 Tmut/Erth      41%        N/A       1%          2
 Dazzling Flash           Conj/Hex       50%        N/A       4%          3
 Ensorcelled Hibernation  Hex/Ice        20%        N/A       9%          2
 Swiftness                Air            10%        N/A       19%         3
 Agony                    Necr           10%        N/A       86%         5
 Silence                  Hex/Air        5%         N/A       86%         5


Dungeon Overview and Level Annotations

Branches:
Dungeon (1/1)

Altars:
Cheibriados
Dithmenos
Elyvilon
Fedhas
Gozag
Hepliaklqana
Kikubaaqudgha
Makhleb
Nemelex Xobeh
Okawaru
Qazlal
Ru
Sif Muna
Trog
Uskayaw
Vehumet
Wu Jian
Xom
Yredelemnul
Zin
The Shining One
Jiyva
Lugonu

Annotations:
D Snorg


Innate Abilities, Weirdness & Mutations

You are partially covered in large bone plates. (SH +4)
You are robust. (+10% HP)


Message History

Okay, then.
Snorg the Insatiable comes into view.
Okay, then.
Casting: Stone Arrow (safe; 1% risk of failure)
Confirm with . or Enter, or press ? or * to list all spells.
Okay, then.
Aiming: Stone Arrow (safe; 1% risk of failure)
Press: ? - help, Q - select action, (/) - cycle Shift-Dir - straight line, f - Snorg
Aim: Snorg (asleep, 100% to hit)
The stone arrow hits Snorg!!
Snorg is moderately wounded.
Snorg shouts!
Aiming: Stone Arrow (safe; 1% risk of failure)
Press: ? - help, Q - select action, (/) - cycle Shift-Dir - straight line, f/p - Snorg
Aim: Snorg (black smoke, moderately wounded, 78% to hit)
The stone arrow hits Snorg!!
Snorg is heavily wounded.
Aiming: Stone Arrow (safe; 1% risk of failure)
Press: ? - help, Q - select action, (/) - cycle Shift-Dir - straight line, f/p - Snorg
Aim: Snorg (black smoke, heavily wounded, 78% to hit)
The stone arrow misses Snorg.
Snorg bites you! Snorg claws you! Snorg closely misses you.
Aiming: Stone Arrow (safe; 1% risk of failure)
Press: ? - help, Q - select action, (/) - cycle Shift-Dir - straight line, f/p - Snorg
Aim: Snorg (black smoke, heavily wounded, 78% to hit)
The stone arrow hits Snorg!!
Snorg is severely wounded.
Snorg bites you!
* * * LOW HITPOINT WARNING * * *
Snorg closely misses you. Snorg claws you.
* * * LOW HITPOINT WARNING * * *
Aiming: Stone Arrow (safe; 1% risk of failure)
Press: ? - help, Q - select action, (/) - cycle Shift-Dir - straight line, f/p - Snorg
Aim: Snorg (black smoke, severely wounded, 78% to hit)
The stone arrow hits Snorg!!
Snorg is almost dead.
Snorg closely misses you. Snorg claws you!
* * * LOW HITPOINT WARNING * * *
Snorg claws you!
You die...

♣.############
♣.#___#___#__#
♣♣.#...#__)#)_#
♣..###'#†###'##
.♣.#..........#
♣♣.'.⌠........#
♣♣.#...######'#
...#.⌠.#__#...#+#####
...#...#__#...#.@§§~+
...#)###__#...#.#T§§#
...#...#__#...'.#§§§#
...#___#__'...#.#.§.#
▓▓▓▓▓▓▓▓▓▓▓▓▓▓▓▓▓▓▓▓▓


You could see Snorg.

Vanquished Creatures
  A deep elf pyromancer (D)
  A shadow (D)
  A spatial vortex (D)
  A necrophage (D)
  A water elemental (D)
  A jelly (D)
  A wizard (D)
  A necromancer (D)
  3 humans (D)
  A kobold demonologist (D)
  A wolf (D)
  An endoplasm (D)
  3 rats (D)
17 creatures vanquished.

Notes
Turn   | Place    | Note
-------+----------+-------------------------------------------
     0 | D        | rocky1 the Deep Elf Earth Elementalist began the quest for
                  | the Orb.
     0 | D        | Reached XP level 1. HP: 10/10 MP: 6/6
    14 | D        | Reached skill level 4 in Earth Magic
    81 | D        | Reached skill level 5 in Spellcasting
    81 | D        | Reached skill level 5 in Earth Magic
    81 | D        | Reached XP level 2. HP: 15/15 MP: 2/10
   150 | D        | Reached skill level 6 in Earth Magic
   150 | D        | Reached XP level 3. HP: 11/19 MP: 7/12
   208 | D        | Gained mutation: Your muscles are strong. (Str +4, Int/Dex
                  | -1) [potion of mutation]
   208 | D        | Gained mutation: Your magical capacity is low. (-10% MP)
                  | [potion of mutation]
   208 | D        | Gained mutation: You are frail. (-10% HP) [potion of
                  | mutation]
   209 | D        | Lost mutation: Your muscles are strong. (Str +4, Int/Dex
                  | -1) [potion of mutation]
   209 | D        | Lost mutation: Your magical capacity is low. (-10% MP)
                  | [potion of mutation]
   209 | D        | Lost mutation: You are frail. (-10% HP) [potion of
                  | mutation]
   209 | D        | Gained mutation: You are partially covered in large bone
                  | plates. (SH +4) [potion of mutation]
   209 | D        | Gained mutation: You are robust. (+10% HP) [potion of
                  | mutation]
   235 | D        | Learned a level 3 spell: Stone Arrow
   235 | D        | Noticed a water elemental
   237 | D        | Killed a water elemental
   238 | D        | Reached skill level 1 in Fighting
   238 | D        | Reached skill level 1 in Conjurations
   238 | D        | Reached skill level 7 in Earth Magic
   238 | D        | Reached XP level 4. HP: 27/27 MP: 11/14
   262 | D        | Found a radiant altar of Vehumet.
   262 | D        | Found a shimmering blue altar of Sif Muna.
   262 | D        | Found an ancient bone altar of Kikubaaqudgha.
   262 | D        | Noticed a wizard
   265 | D        | Killed a wizard
   266 | D        | Noticed a neqoxec
   381 | D        | Learned a level 4 spell: Petrify
   384 | D        | Became a worshipper of Sif Muna the Loreminder
   398 | D        | Found a glowing silver altar of Zin.
   398 | D        | Found a glowing golden altar of the Shining One.
   398 | D        | Found a white marble altar of Elyvilon.
   398 | D        | Noticed a deep elf pyromancer
   401 | D        | Killed a deep elf pyromancer
   402 | D        | Reached skill level 5 in Conjurations
   402 | D        | Reached skill level 5 in Transmutations
   402 | D        | Reached skill level 10 in Earth Magic
   402 | D        | Reached XP level 5. HP: 36/36 MP: 5/17
   402 | D        | Reached XP level 6. HP: 41/41 MP: 5/19
   402 | D        | Reached XP level 7. HP: 46/46 MP: 5/20
   490 | D        | Found a hide-covered altar of Uskayaw.
   490 | D        | Found an iron altar of Okawaru.
   490 | D        | Found a bloodstained altar of Trog.
   490 | D        | Found an ornate altar of the Wu Jian Council.
   490 | D        | Noticed a human
   490 | D        | Noticed a human
   493 | D        | Killed a human
   495 | D        | Killed a human
   495 | D        | Reached * piety under Sif Muna
   600 | D        | Found a basalt altar of Yredelemnul.
   600 | D        | Found a shadowy altar of Dithmenos.
   600 | D        | Found a sacrificial altar of Ru.
   655 | D        | Noticed a shadow
   657 | D        | Killed a shadow
   657 | D        | Reached ** piety under Sif Muna
   658 | D        | Reached skill level 11 in Earth Magic
   658 | D        | Reached skill level 5 in Invocations
   658 | D        | Reached XP level 8. HP: 52/52 MP: 16/23
   716 | D        | Found a blossoming altar of Fedhas.
   716 | D        | Found a stormy altar of Qazlal.
   716 | D        | Found a snail-covered altar of Cheibriados.
   716 | D        | Found a burning altar of Makhleb.
   716 | D        | Found a shimmering altar of Xom.
   717 | D        | Found a hazy altar of Hepliaklqana.
   717 | D        | Found an opulent altar of Gozag.
   717 | D        | Found a sparkling altar of Nemelex Xobeh.
   717 | D        | Found a corrupted altar of Lugonu.
   717 | D        | Found a viscous altar of Jiyva.
   776 | D        | Noticed Snorg
   781 | D        | Mangled by Snorg

Illustrated notes

Levels and vault maps discovered:
D:        dungeon_sprint_mu [sprint_mu_entry_forest, sprint_mu_temple_rooms,
          sprint_mu_d1_horrors, sprint_mu_d2_genie, sprint_mu_d3_branching,
          sprint_mu_orc_legion, sprint_mu_elf_gauntlet, sprint_mu_hive_nellie,
          sprint_mu_lair_fedhas, sprint_mu_vaults_butterflies,
          sprint_mu_slime_circle, sprint_mu_shoals_kraken,
          sprint_mu_snake_twists, sprint_mu_blade_basic,
          sprint_mu_crypt_chambers, sprint_mu_tomb_spiral,
          sprint_mu_vestibule_basic, sprint_mu_gehenna_hellfire,
          sprint_mu_dis_giant, sprint_mu_tartarus_statrot,
          sprint_mu_cocytus_islands, sprint_mu_zot1]

Skill      XL: |  1  2  3  4  5  6  7 |
---------------+----------------------+-----
Earth Magic    | 5 6 7 10 11 | 11.2
Spellcasting   | 5 6 8 9 |  9.4
Fighting       | 1 3 4 |  4.6
Dodging        | 3 6 7 |  7.3
Stealth        | 3 6 7 |  7.8
Conjurations   | 1 5 6 |  6.2
Transmutations | 2 5 6 |  6.3
Invocations    | 4 5 |  5.4

Action                   |  1- 3 |  4- 6 |  7- 9 || total
-------------------------+-------+-------+-------++-------
Melee: Unarmed           |     1 |       |       ||     1
 Cast: Sandblast         |    14 |     5 |       ||    19
       Stone Arrow       |       |     3 |    19 ||    22
  Use: Potion            |     2 |       |       ||     2
Dodge: Dodged            |     7 |     1 |     3 ||    11
Block: Other             |       |       |     1 ||     1

Table legend: (Time is in decaauts)
 A = Elapsed time spent in this place.
 B = Non-inter-level travel time spent in this place.
 C = Inter-level travel time spent in this place.
 D = Time resting spent in this place.
 E = Time spent auto-exploring this place.
 F = Levels seen in this place.
 G = Mean time per level.
                   A        B        C        D        E       F      G
               +--------+--------+--------+--------+--------+-----+--------+
         Total |    791 |    791 |      0 |    521 |     55 |   1 |  791.0 |
       Dungeon |    791 |    791 |      0 |    521 |     55 |   1 |  791.0 |
               +--------+--------+--------+--------+--------+-----+--------+

Top non-repeatable levels by time:
       D: 791 daAuts
